 Dungeon Sprint DCSS version 0.19-a0-97-g21dea92 (webtiles) character file.

41282 Kidiri the Unseen (level 13, -11/69 HPs)
             Began as a Spriggan Enchanter on May 16, 2016.
             Was the Champion of Dithmenos.
             Mangled by an alligator snapping turtle (37 damage)
             ... in the Dungeon (Sprint III: "The Ten Rune Challenge").
             The game lasted 00:19:18 (4195 turns).

Kidiri the Unseen (Spriggan Enchanter)              Turns: 4195, Time: 00:19:19

Health: -11/69     AC:  5    Str:  2    XL:     13   Next: 8%
Magic:  28/34      EV: 35    Int: 19    God:    Dithmenos [******]
Gold:   26         SH:  0    Dex: 19    Spells: 6 memorised, 28 levels left

rFire  . . .     SeeInvis +     a - +1 dagger
rCold  . . .     Gourm    .     b - +1 robe
rNeg   . . .     Faith    .     (shield restricted)
rPois  .         Spirit   .     (helmet restricted)
rElec  .         Dismiss  .     m - +0 cloak
rCorr  .         Reflect  .     (gloves unavailable)
SustAt .         Harm     .     (boots unavailable)
MR     ++...     NoTele   +     (no amulet)
Stlth  ++++++++++               (no ring)
                                (no ring)

@: wreathed by umbra, very quick, very resistant to hostile enchantments,
uncannily stealthy
A: unfitting armour, see invisible, herbivore 3, speed 3, slow metabolism 2,
weak 1, wild magic 1, MP-powered wands
a: Shadow Step, Shadow Form, Renounce Religion
}: 1/10 runes: serpentine


You were in the Dungeon.
You worshipped Dithmenos.
Dithmenos was exalted by your worship.
You were not hungry.

You visited 1 branch You collected 26 gold pieces.

Inventory:

Hand Weapons
 a - a +1 dagger (weapon)
 r - a +0 short sword
Missiles
 u - 10 throwing nets (quivered)
Armour
 b - a +1 robe (worn)
 m - a +0 cloak (worn)
Wands
 t - a wand of iceblast (10/15)
Scrolls
 l - 2 scrolls of holy word {unknown}
 n - a scroll of fear
 s - 2 scrolls of remove curse
Potions
 e - a potion of brilliance {unknown}
 f - a potion of heal wounds
 g - a potion of haste
 h - a potion of magic
 k - a potion of might
 p - 2 potions of cure mutation
 q - 2 potions of flight
Books
 c - a book of Maledictions

   Spells                             Type                      Level
   a - Corona                         Hexes                        1
   b - Ensorcelled Hibernation        Hexes/Ice                    2
   c - Confuse                        Hexes                        3
   d - Tukima's Dance                 Hexes                        3
   e - Dazzling Spray                 Conjuration/Hexes            3
 i - a book of Conjurations

   Spells                             Type                      Level
   a - Magic Dart                     Conjuration                  1
   b - Searing Ray                    Conjuration                  2
   c - Dazzling Spray                 Conjuration/Hexes            3
   d - Fulminant Prism                Conjuration/Hexes            4
   e - Iskenderun's Mystic Blast      Conjuration                  4
   f - Iskenderun's Battlesphere      Conjuration/Charms           5
Comestibles
 d - 6 fruits
 o - 32 royal jellies


   Skills:
 + Level 8.3 Fighting
 * Level 15.0 Short Blades
 + Level 7.5 Armour
 * Level 18.7 Dodging
 * Level 20.3 Stealth
 * Level 16.2 Spellcasting
 + Level 7.3 Conjurations
 + Level 12.0 Hexes
 + Level 8.2 Ice Magic
 - Level 3.0 Invocations


You had 28 spell levels left.
You knew the following spells:

 Your Spells              Type           Power        Failure   Level  Hunger
a - Corona                Hex            ######.      1%          1    None
b - Ensorcelled Hibernat  Hex/Ice        ######       1%          2    None
c - Confuse               Hex            ######..     1%          3    None
d - Tukima's Dance        Hex            ######..     1%          3    None
e - Dazzling Spray        Conj/Hex       ######       1%          3    None
f - Fulminant Prism       Conj/Hex       ######....   1%          4    None


Dungeon Overview and Level Annotations

Branches:
Dungeon (1/1)

Altars:
Cheibriados
Dithmenos
Elyvilon
Fedhas
Gozag
Kikubaaqudgha
Makhleb
Nemelex Xobeh
Okawaru
Pakellas
Qazlal
Ru
Sif Muna
Trog
Vehumet
Xom
Yredelemnul
Zin
The Shining One
Jiyva
Lugonu

Shops:
D (}%%(:

Annotations:
D exclusion: 2 doors


Innate Abilities, Weirdness & Mutations

You are tiny and cannot use many weapons and most armour.
You have supernaturally acute eyesight.
You are a herbivore.
You cover ground extremely quickly.
You need consume almost no food.
You are weak. (Str -2)
Your spells are a little harder to cast, but a little more powerful.
You expend magic power (3 MP) to strengthen your wands.


Message History

The alligator snapping turtle completely misses you.
The alligator snapping turtle bites you!!
You emit a cloud of dark smoke.
You catch the helpless alligator snapping turtle completely off-guard!
You perforate the alligator snapping turtle like a sieve!!!
The alligator snapping turtle is heavily wounded.
You hit the alligator snapping turtle but do no damage.
The alligator snapping turtle is heavily wounded.
Your shadow hits the alligator snapping turtle but does no damage.
The alligator snapping turtle bites you from afar!
You emit a cloud of dark smoke.
The alligator snapping turtle bites itself!
You hit the alligator snapping turtle but do no damage.
The alligator snapping turtle is heavily wounded.
You hit the alligator snapping turtle but do no damage.
The alligator snapping turtle is heavily wounded.
Your shadow hits the alligator snapping turtle but does no damage.
The alligator snapping turtle bites you from afar!!!
Ouch! That really hurt!
You die...

+≈≈≈≈≈§≈≈.♣♣.....♣♣♣♣≈≈≈....
#≈.≈†§≈§≈≈♣♣.≈≈≈≈+♣♣'♣≈≈≈≈≈≈
#≈≈§≈§§§≈≈≈'...%.#.≈♣♣♣♣♣♣♣♣
#.≈≈§§§§≈≈♣♣♣♣♣♣♣#..♣♣
#≈≈≈≈≈§≈§≈♣ ###+♣♣♣♣♣♣♣
▓##+####'#######♣
♣♣♣♣.##..##≈
▓...........)...♣♣
♣...##.##.#≈
▓#+#############§♣
♣♣.##.##.##+ ..
#≈P......tt@§♣ ♣..#.##...#
▓. J+≈≈...########♣♣
♣♣.##.##.)#
▓J..#≈≈≈...§§§§§§PP♣
♣♣.##.#####
...#≈≈≈≈P§§PPt§§.P♣
♣.....##... +#
###########§#############+##
▓tt........P.▓#...
▓≈≈........≈≈▓#...
▓≈≈≈PP..PP≈≈≈▓####
▓≈≈≈≈≈..≈≈≈≈≈▓##.%


You could see 2 alligator snapping turtles.

Vanquished Creatures
  Rupert (D)
  A kraken (D)
  A greater naga (D)
  Maud (D)
  2 hydras (D)
  Erolcha (D)
  A naga warrior (D)
  3 anacondas (D)
  An alligator snapping turtle (D)
  4 death yaks (D)
  A death drake (D)
  A spriggan druid (D)
  A lindwurm (D)
  A deep elf mage (D)
  10 black mambas (D)
  A guardian serpent (D)
  2 spiny frogs (D)
  A rime drake (D)
  A komodo dragon (D)
  3 wandering mushrooms (D)
  2 giant leeches (D)
  A queen bee (D)
  8 blink frogs (D)
  2 snapping turtles (D)
  2 spriggans (D)
  A shadow (D)
  5 redbacks (D)
  2 hill giants (D)
  A spatial vortex (D)
  2 nagas (D)
  6 water moccasins (D)
  A swamp drake (D)
  A necrophage (D)
  3 two-headed ogres (D)
  A water elemental (D)
  31 killer bees (D)
  An electric eel (D)
  A jelly (D)
  A wizard (D)
  A necromancer (D)
  3 humans (D)
  A kobold demonologist (D)
  2 adders (D)
  A phantom (D)
  4 rats (D)
122 creatures vanquished.

Vanquished Creatures (collateral kills)
  A killer bee (D)
1 creature vanquished.

Vanquished Creatures (others)
  2 draconian scorchers (D)
  3 yaktaurs (D)
  A fulminant prism (D)
  2 fungi (D)
  4 plants (D)
  8 tentacles (D)
  147 tentacle segments (D)
167 creatures vanquished.

Grand Total: 290 creatures vanquished

Notes
Turn   | Place    | Note
--------------------------------------------------------------
     0 | D        | Kidiri the Spriggan Enchanter began the quest for the Orb.
     0 | D        | Reached XP level 1. HP: 9/9 MP: 5/5
    40 | D        | Killed a yaktaur
   125 | D        | Reached skill level 5 in Stealth
   152 | D        | Reached skill level 1 in Armour
   152 | D        | Reached XP level 2. HP: 9/14 MP: 4/7
   156 | D        | Learned a level 2 spell: Ensorcelled Hibernation
   250 | D        | Killed a white draconian scorcher
   278 | D        | Killed a white draconian scorcher
   295 | D        | Gained mutation: Your system is resistant to poisons. [potion of mutation]
   295 | D        | Gained mutation: You are weak. (Str -2) [potion of mutation]
   295 | D        | Lost strength.
   295 | D        | Gained mutation: You are very weak. (Str -4) [potion of mutation]
   297 | D        | Lost mutation: You are very weak. (Str -4) [potion of cure mutation]
   297 | D        | Lost mutation: Your system is resistant to poisons. [potion of cure mutation]
   297 | D        | Lost mutation: You are weak. (Str -2) [potion of cure mutation]
   313 | D        | Gained mutation: You expend magic power (3 MP) to strengthen your wands. [potion of mutation]
   313 | D        | Gained mutation: Your spells are a little harder to cast, but a little more powerful. [potion of mutation]
   313 | D        | Gained mutation: You are weak. (Str -2) [potion of mutation]
   322 | D        | Noticed a water elemental
   332 | D        | Killed a water elemental
   332 | D        | Reached skill level 1 in Fighting
   332 | D        | Reached skill level 5 in Dodging
   332 | D        | Reached skill level 6 in Stealth
   332 | D        | Reached skill level 1 in Ice Magic
   332 | D        | Reached XP level 3. HP: 18/18 MP: 8/10
   332 | D        | Reached XP level 4. HP: 22/22 MP: 8/11
   341 | D        | Learned a level 3 spell: Confuse
   345 | D        | Learned a level 3 spell: Tukima's Dance
   349 | D        | Learned a level 3 spell: Dazzling Spray
   378 | D        | Noticed a shadow
   380 | D        | Killed a shadow
   380 | D        | Reached skill level 5 in Short Blades
   380 | D        | Reached skill level 8 in Stealth
   380 | D        | Reached skill level 1 in Conjurations
   380 | D        | Reached skill level 5 in Hexes
   380 | D        | Reached XP level 5. HP: 27/27 MP: 11/14
   384 | D        | Reached skill level 9 in Stealth
   404 | D        | Found an oddly glowing altar of Pakellas.
   404 | D        | Found a stormy altar of Qazlal.
   405 | D        | Found a sacrificial altar of Ru.
   405 | D        | Found a burning altar of Makhleb.
   405 | D        | Found a viscous altar of Jiyva.
   405 | D        | Found a shimmering altar of Xom.
   405 | D        | Found a shadowy altar of Dithmenos.
   405 | D        | Found a sparkling altar of Nemelex Xobeh.
   405 | D        | Found a corrupted altar of Lugonu.
   405 | D        | Found an opulent altar of Gozag.
   405 | D        | Noticed a spatial vortex
   409 | D        | Became a worshipper of Dithmenos the Shadowed
   410 | D        | Killed a spatial vortex
   410 | D        | Reached skill level 1 in Invocations
   410 | D        | Reached XP level 6. HP: 32/32 MP: 15/17
   435 | D        | Found a radiant altar of Vehumet.
   436 | D        | Found a deep blue altar of Sif Muna.
   436 | D        | Found an ancient bone altar of Kikubaaqudgha.
   439 | D        | Reached * piety under Dithmenos
   453 | D        | Found a glowing silver altar of Zin.
   454 | D        | Found a glowing golden altar of the Shining One.
   454 | D        | Found a white marble altar of Elyvilon.
   454 | D        | Noticed a deep elf mage
   456 | D        | Killed a deep elf mage
   456 | D        | Reached skill level 11 in Stealth
   456 | D        | Reached XP level 7. HP: 36/36 MP: 17/19
   467 | D        | Found an iron altar of Okawaru.
   468 | D        | Found a bloodstained altar of Trog.
   468 | D        | Noticed a human
   468 | D        | Noticed a human
   480 | D        | Killed a human
   480 | D        | Reached skill level 10 in Dodging
   484 | D        | Killed a human
   484 | D        | Reached ** piety under Dithmenos
   484 | D        | Reached XP level 8. HP: 21/42 MP: 7/21
   642 | D        | Found a snail-covered altar of Cheibriados.
   643 | D        | Found a basalt altar of Yredelemnul.
   643 | D        | Found a blossoming altar of Fedhas.
   815 | D        | Reached *** piety under Dithmenos
   815 | D        | Reached skill level 12 in Stealth
   858 | D        | Noticed Erolcha
   860 | D        | Killed Erolcha
   860 | D        | Reached skill level 13 in Stealth
   860 | D        | Reached skill level 10 in Spellcasting
   860 | D        | Reached XP level 9. HP: 46/46 MP: 22/24
   877 | D        | Reached **** piety under Dithmenos
   968 | D        | Learned a level 4 spell: Fulminant Prism
   968 | D        | Noticed a queen bee
   969 | D        | Killed a yaktaur
  1004 | D        | Reached ***** piety under Dithmenos
  1135 | D        | Reached skill level 10 in Short Blades
  1168 | D        | Reached skill level 5 in Fighting
  1176 | D        | Reached skill level 14 in Stealth
  1394 | D        | Reached ****** piety under Dithmenos
  1405 | D        | Reached skill level 5 in Ice Magic
  1551 | D        | Killed a queen bee
  1551 | D        | Reached XP level 10. HP: 33/51 MP: 13/26
  1995 | D        | Noticed a spiny frog
  1995 | D        | Noticed a spiny frog
  1998 | D        | Killed a spiny frog
  1998 | D        | Reached skill level 15 in Stealth
  2001 | D        | Reached skill level 5 in Armour
  2005 | D        | Killed a spiny frog
  2219 | D        | Noticed a lindwurm
  2222 | D        | Killed a lindwurm
  2222 | D        | Reached skill level 5 in Conjurations
  2404 | D        | Noticed Maud
  2406 | D        | Killed Maud
  2406 | D        | Reached skill level 16 in Stealth
  2406 | D        | Reached XP level 11. HP: 28/56 MP: 28/28
  2563 | D        | Noticed a seven-headed hydra
  2563 | D        | Noticed a six-headed hydra
  2566 | D        | Killed a seven-headed hydra
  2566 | D        | Reached skill level 15 in Dodging
  2567 | D        | Killed a six-headed hydra
  2567 | D        | Reached skill level 10 in Hexes
  2574 | D        | Noticed a death drake
  2576 | D        | Killed a death drake
  2588 | D        | Found a blossoming altar of Fedhas.
  2588 | D        | Noticed a spriggan druid
  2594 | D        | Reached skill level 17 in Stealth
  2596 | D        | Killed a spriggan druid
  2717 | D        | Noticed an anaconda
  2717 | D        | Noticed an anaconda
  2719 | D        | Killed an anaconda
  2721 | D        | Killed an anaconda
  2918 | D        | Noticed an anaconda
  2921 | D        | Killed an anaconda
  2921 | D        | Reached skill level 18 in Stealth
  2930 | D        | Reached XP level 12. HP: 63/63 MP: 24/31
  3043 | D        | Noticed a naga warrior
  3043 | D        | Noticed a greater naga
  3043 | D        | Found Kelior's Food Shop.
  3043 | D        | Found Zegucie's Antique Weapon Shoppe.
  3043 | D        | Found Aplaji's Book Boutique.
  3047 | D        | Killed a greater naga
  3048 | D        | Killed a naga warrior
  3067 | D        | Got a serpentine rune of Zot
  3150 | D        | Reached skill level 15 in Spellcasting
  3169 | D        | Reached skill level 19 in Stealth
  3203 | D        | Noticed Rupert
  3208 | D        | Killed Rupert
  3227 | D        | Noticed a death yak
  3228 | D        | Noticed a death yak
  3229 | D        | Noticed an azure jelly
  3229 | D        | Noticed a death yak
  3229 | D        | Noticed an azure jelly
  3229 | D        | Noticed a death yak
  3230 | D        | Killed a death yak
  3231 | D        | Killed a death yak
  3234 | D        | Killed a death yak
  3236 | D        | Killed a death yak
  3283 | D        | Noticed an azure jelly
  3283 | D        | Noticed an azure jelly
  3335 | D        | Noticed a kraken
  3670 | D        | Killed a kraken
  3670 | D        | Reached skill level 20 in Stealth
  3670 | D        | Reached XP level 13. HP: 49/68 MP: 27/34
  3766 | D        | Found Vuckino's Food Shop.
  3766 | D        | Found Jihairch's Gadget Boutique.
  3766 | D        | Found Voklu's Antique Weapon Shoppe.
  3768 | D        | Reached skill level 15 in Short Blades
  4195 | D        | Mangled by an alligator snapping turtle

Vault maps used:
D:        dungeon_sprint_mu

Skill      XL: |  1  2  3  4  5  6  7  8  9 10 11 12 13 |
---------------+----------------------------------------+-----
Hexes          | 4 5 6 7 8 9 10 12 | 12.0
Stealth        | 5 6 8 9 11 13 14 16 18 20 | 20.3
Spellcasting   | 3 4 6 7 8 10 11 12 14 16 | 16.2
Short Blades   | 2 3 5 6 7 9 10 11 13 14 15 | 15.0
Armour         | 1 2 3 4 5 6 7 |  7.5
Dodging        | 4 5 7 8 9 10 11 13 14 16 18 | 18.7
Fighting       | 1 2 3 4 5 6 7 8 |  8.3
Ice Magic      | 1 2 3 4 5 6 7 8 |  8.2
Conjurations   | 1 2 3 4 5 6 7 |  7.3
Invocations    | 1 2 3 |  3.0

Action                   |  1- 3 |  4- 6 |  7- 9 | 10-12 | 13-15 || total
-------------------------+-------+-------+-------+-------+-------++-------
Melee: Dagger            |    25 |     6 |    74 |    79 |    12 ||   196
 Cast: Corona            |     2 |       |       |       |       ||     2
       Confuse           |       |       |    11 |     1 |     1 ||    13
       Ensorcelled Hiber |       |       |    41 |    31 |     9 ||    81
       Dazzling Spray    |       |       |     9 |    23 |     1 ||    33
       Fulminant Prism   |       |       |     1 |       |       ||     1
Invok: Shadow Step       |       |       |       |    13 |     1 ||    14
  Use: Potion            |     5 |       |     2 |     1 |       ||     8
       Scroll            |     2 |       |       |       |     1 ||     3
 Stab: Sleeping          |     5 |     6 |    29 |    52 |     3 ||    95
       Confused          |       |       |     5 |     1 |     1 ||     7
       Invisible         |       |       |     3 |     1 |       ||     4
  Eat: Bread ration      |       |       |       |     1 |       ||     1
Armor: Robe              |       |       |     3 |     3 |       ||     6
Dodge: Dodged            |    14 |       |   116 |    91 |    13 ||   234
